cohdb
Replays
Latest Replays
All Replays
Popular Replays
Top Player Replays
Match Explorer
How It Works
Community
CoH3 Stats
Reddit
Sign in to upload your games and track your stats! →
Sign in with Steam
Match 33116380
Unlisted
Match 33116380
Overview
Messages
Build Orders
End
Panzergrenadier Squad
Selects Battlefield Espionage Battlegroup
Selects Sector Subterfuge Beacon
Panzergrenadier Squad
Panzergrenadier Squad
Construct Light Support Kompanie
Fire Support Elements
Assault Grenadier Squad
Assault Mechanized Group
Veteran Squad Leaders
Selects Plunder
Selects Firestorm
Construct Panzerarmee Kommand
2.5-tonne Medical Truck
Selects 250/3 Funkpanzerwagen
Armored Reserves
Vehicle Survival Package
Panzer IV Assault Group
Panzer IV Assault Group
Emergency Repair Kits
Firestorm
Firestorm
Tiger Heavy Tank
Firestorm
Despe
L4DK | Foxhound
Bruistablet
Professor gibberish
0
0
Comments
sign in to comment!
No comments posted yet!